 Dungeon Crawl Stone Soup version 0.30-a0-1043-g60ff8d5f49 (webtiles) character file.

Game seed: 15607526161548731889

204 Pimp the Trooper (level 5, 0/47 HPs)
             Began as a Draconian Fighter on Apr 10, 2023.
             Slain by a gnoll
             ... wielding a +0 halberd
              (14 damage)
             ... on level 3 of the Dungeon.
             The game lasted 00:04:56 (2344 turns).

Pimp the Trooper (Draconian Fighter)                Turns: 2344, Time: 00:04:57

Health: 0/47       AC:  5    Str: 19    XL:     5   Next: 52%
Magic:  5/5        EV: 12    Int: 10    God:
Gold:   129        SH:  4    Dex: 10    Spells: 4/4 levels left

rFire   . . .      SeeInvis .    a - +0 war axe
rCold   . . .      Faith    .    b - +0 buckler
rNeg    . . .      Spirit   .    (body armour unavailable)
rPois   .          Reflect  .    (helmet restricted)
rElec   .          Rampage  .    (no cloak)
rCorr   .                        (no gloves)
Will    .....                    (no boots)
Stlth   +                        (no amulet)
HPRegen 0.27/turn                (no ring)
MPRegen 0.09/turn                (no ring)

@: no status effects
A: AC +5, unfitting armour, cold-blooded
a: no special abilities


You were on level 3 of the Dungeon.
You visited 1 branch of the dungeon, and saw 3 of its levels.

You collected 129 gold pieces.

Inventory:

Hand Weapons
 a - a +0 war axe (weapon)
Armour
 b - a +0 buckler (worn)
Wands
 m - a wand of flame (15)
 r - a wand of acid (3)
Scrolls
 d - a scroll of vulnerability {unknown}
 g - 2 scrolls of immolation {unknown}
 i - a scroll of poison {unknown}
 k - a scroll of enchant weapon {unknown}
 n - 2 scrolls of fear {unknown}
 o - a scroll of amnesia {unknown}
 p - a scroll of torment {unknown}
Potions
 c - a potion of might
 e - a potion of heal wounds
 f - 2 potions of curing {unknown}
 h - 2 potions of resistance {unknown}
 j - 2 potions of mutation {unknown}
 l - a potion of haste {unknown}
 q - a potion of flight {unknown}
 s - a potion of cancellation {unknown}


   Skills:
 + Level 4.4 Fighting
 + Level 3.3 Axes
 + Level 3.6 Dodging
 + Level 4.0 Shields


You had 4 spell levels left.
You didn't know any spells.
Your spell library contained the following spells:

 Spells                   Type           Power      Damage    Failure   Level
 Freeze                   Ice            0%         1d3       43%         1
 Frozen Ramparts          Ice            0%         1d1       82%         3
 Hailstorm                Conj/Ice       0%         3d3       82%         3


Dungeon Overview and Level Annotations

Branches:
Dungeon (3/15)

Altars:


Innate Abilities, Weirdness & Mutations

Your plain brown scales are hard. (AC +5)
You cannot fit into any form of body armour.
You are cold-blooded and may be slowed by cold attacks.


Message History

You are no longer corroded.
You feel a little less mighty now.
Things that are here:
a +0 dagger; an orc skeleton
There is a stone staircase leading down here.
There is a stone staircase leading down here.
You see here a +0 mace.
You see here a +0 spear.
A rat and a gnoll come into view.
The gnoll shouts!
You hear a shout!
The rat moves out of view.
A gnoll is nearby!
A gnoll comes into view. It is wielding a +0 halberd.
The gnoll shouts!
You hear a shout!
The gnoll hits you with a +0 club.
You closely miss the gnoll. The gnoll hits you with a +0 club.
You slash the gnoll!
The gnoll is severely wounded.
The gnoll barely misses you. x3; You block the gnoll's attack.
You hit the gnoll.
The gnoll is almost dead.
The gnoll barely misses you.
The gnoll hits you from afar with a +0 halberd.
You slash the gnoll!
You kill the gnoll!
The gnoll misses you. The gnoll hits you with a +0 halberd!
Things that are here:
a +0 club; a gnoll corpse You hit the gnoll but do no damage.
The gnoll hits you with a +0 halberd.
A gnoll comes into view. It is wielding a +0 club.
The gnoll hits you with a +0 halberd!
* * * LOW HITPOINT WARNING * * *
The gnoll moves out of view.
You slash the gnoll!
The gnoll is almost dead.
The gnoll barely misses you. You block the gnoll's attack.
The gnoll hits you from afar with a +0 halberd!
You die...

# #. ######.# #.
.......#. #.# ##
#........ #..# #.
#.####### #g .#r
#.# #.##g# #.#
#..#)# ..######
#.@.# ..(....#
#.### .......#
#.# #####..# #.#
#..# #.# ####..#
#.#
#..)..########.#
#..............#
##.....########.#


You could see 2 gnolls and a rat.

Vanquished Creatures
  Ijyb (D:3)
  4 gnolls (D:3)
  6 adders
  An ufetubus (D:3)
  A worm (D:3)
  3 dart slugs
  3 orcs (D:3)
  8 ball pythons
  6 bats
  5 endoplasms
  A giant cockroach (D:3)
  2 goblins
  6 hobgoblins
  6 jackals
  2 quokkas
  7 frilled lizards
  3 kobolds
  8 rats
73 creatures vanquished.

Notes
Turn   | Place    | Note
-------+----------+-------------------------------------------
     0 | D:1      | Pimp the Draconian Fighter began the quest for the Orb.
     0 | D:1      | Reached XP level 1. HP: 19/19 MP: 1/1
   148 | D:1      | Reached XP level 2. HP: 26/26 MP: 2/2
   842 | D:2      | Reached XP level 3. HP: 31/31 MP: 3/3
  1083 | D:2      | Reached XP level 4. HP: 38/40 MP: 4/4
  1839 | D:3      | Reached XP level 5. HP: 45/46 MP: 5/5
  2115 | D:3      | Noticed Ijyb
  2130 | D:3      | Killed Ijyb
  2344 | D:3      | Slain by a gnoll

Illustrated notes

Levels and vault maps discovered:
D:1:      minmay_arrival_jagged, layout_loops_ring, fountainhead, minivault_11,
          st_stairs_1, wander_ebering_terrifying_dragon_lair
D:2:      layout_basic, minmay_pentomino_s2
D:3:      layout_loops_ring, uniq_ijyb

Skill      XL: |  1  2  3  4  5 |
---------------+----------------+-----
Dodging        | 3 |  3.6
Fighting       | 4 |  4.4
Axes           | 3 |  3.3
Shields        | 4 |  4.0

Action                     |  1- 3 |  4- 6 || total
---------------------------+-------+-------++-------
  Melee: War axe           |    83 |   113 ||   196
         Tailslap          |     5 |    12 ||    17
    Use: Potion            |       |     2 ||     2
 Armour: Skin              |    27 |    41 ||    68
  Dodge: Dodged            |    70 |    81 ||   151
  Block: Buckler           |    25 |    33 ||    58

Table legend: (Time is in decaauts)
 A = Elapsed time spent in this place.
 B = Non-inter-level travel time spent in this place.
 C = Inter-level travel time spent in this place.
 D = Time resting spent in this place.
 E = Time spent auto-exploring this place.
 F = Levels seen in this place.
 G = Mean time per level.
                   A        B        C        D        E       F      G
               +--------+--------+--------+--------+--------+-----+--------+
         Total |   2425 |   2346 |     79 |     83 |   1655 |   3 |  808.3 |
       Dungeon |   2425 |   2346 |     79 |     83 |   1655 |   3 |  808.3 |
               +--------+--------+--------+--------+--------+-----+--------+

Top non-repeatable levels by time:
     D:3: 867 daAuts
     D:2: 818 daAuts
     D:1: 739 daAuts
